Map: [ESL] Inside and Out

Players

Velego

  • Race: Protoss Protoss
  • League: Diamond
  • Spawn Location: 1:00

ForJumy - Winner!

  • Race: Protoss Protoss
  • Spawn Location: 7:00

Event: DreamHack SC2 Masters 2022 Valencia

VOD

Have the link to the VOD?

Description

Time

  • Played on: July 1, 2022, 10:27 a.m.
  • Length: 8:28

All games in this series

Show
View Real Time Build Order
Export as new Build Order

Velego Protoss 

Build Orders: Phoenix Opening, Blink Stalkers 

Get SALT Encoding   

  12  0:00  Probe  
  13  0:12  Probe  
  14  0:17  Pylon  
  14  0:24  Probe (Chrono Boost)  
  15  0:36  Probe (Chrono Boost)  
  15  0:37  Gateway  
  16  0:44  Probe (Chrono Boost)  
  16  0:45  Assimilator  
  17  0:51  Probe  
  17  0:55  Assimilator  
  18  1:03  Probe (Chrono Boost)  
  19  1:09  Gateway  
  19  1:13  Probe (Chrono Boost)  
  20  1:18  Probe  
  21  1:26  Cybernetics Core  
  21  1:30  Probe  
  22  1:39  Pylon  
  22  1:42  Probe  
  23  1:57  Probe  
  24  2:02  Stalker x2, Warp Gate  
  28  2:10  Probe  
  29  2:19  Pylon  
  29  2:27  Pylon  
  29  2:35  Sentry  
  31  2:38  Stalker  
  31  2:41  Probe  
  33  2:55  Nexus  
  33  3:11  Probe (Chrono Boost)  
  34  3:16  Phoenix  
  34  3:19  Pylon  
  34  3:20  Twilight Council  
  34  3:23  Probe (Chrono Boost), Shield Battery  
  35  3:29  Probe (Chrono Boost)  
  36  3:40  Sentry, Probe (Chrono Boost)  
  39  3:44  Twilight Council  
  39  3:47  Probe (Chrono Boost)  
  40  3:54  Probe  
  40  3:58  Blink (Chrono Boost)  
  41  4:04  Shield Battery  
  41  4:07  Probe x2 (Chrono Boost)  
  43  4:16  Phoenix  
  43  4:19  Probe x2 (Chrono Boost)  
  43  4:21  Forge  
  45  4:25  Probe x2 (Chrono Boost)  
  47  4:33  Sentry, Probe x2  
  51  4:45  Probe x2  
  53  4:52  Nexus  
  53  4:53  Protoss Ground Weapons Level 1  
  53  4:54  Gateway  
  53  4:57  Probe  
  53  4:59  Gateway  
  54  5:01  Probe  
  54  5:06  Robotics Facility  
  55  5:10  Probe  
  55  5:13  Probe  
  57  5:14  Assimilator  
  57  5:16  Pylon  
  57  5:18  Pylon  
  57  5:22  Stalker  
  57  5:26  Stalker  
  61  5:34  Probe  
  58  5:40  Probe  
  52  5:46  Probe  
  52  5:48  Stalker  
  50  5:51  Stalker x2  
  50  5:52  Probe  
  50  5:58  Probe  
  47  6:05  Probe (Chrono Boost)  
  47  6:06  Probe (Chrono Boost)  
  47  6:10  Probe (Chrono Boost)  
  49  6:19  Stalker x2, Probe (Chrono Boost)  
  49  6:22  Probe x2 (Chrono Boost)  
  52  6:25  Probe (Chrono Boost)  
  52  6:27  Probe (Chrono Boost)  
  52  6:29  Probe (Chrono Boost)  
  53  6:39  Stalker  
  53  6:44  Stalker x3  
  54  6:50  Probe x2  
  53  7:04  Stalker  
  53  7:05  Probe x3  
  56  7:14  Stalker x3  
  57  7:17  Probe (Chrono Boost)  
  57  7:22  Probe (Chrono Boost)  
  58  7:28  Probe (Chrono Boost)  
  57  7:34  Probe (Chrono Boost)  
  57  7:36  Shield Battery  
  58  7:37  Probe x2 (Chrono Boost)  
  57  7:44  Probe (Chrono Boost)  
  57  7:48  Stalker x3  
  57  8:00  Probe  
  49  8:09  Stalker  
  49  8:12  Stalker x3  
  53  8:13  Probe  
Show
View Real Time Build Order
Export as new Build Order

ForJumy Protoss - Winner!

Build Orders:  

Get SALT Encoding   

  12  0:00  Probe  
  13  0:12  Probe  
  14  0:17  Pylon  
  14  0:24  Probe  
  15  0:35  Gateway  
  15  0:37  Probe (Chrono Boost)  
  16  0:46  Probe (Chrono Boost), Assimilator  
  17  0:51  Probe (Chrono Boost)  
  17  0:55  Assimilator  
  18  1:03  Probe (Chrono Boost)  
  19  1:10  Gateway  
  19  1:13  Probe (Chrono Boost)  
  20  1:18  Probe  
  21  1:27  Cybernetics Core  
  21  1:31  Probe  
  22  1:39  Pylon  
  22  1:43  Probe  
  23  1:57  Probe  
  24  2:02  Warp Gate (Chrono Boost)  
  24  2:03  Adept x2  
  28  2:09  Probe  
  29  2:16  Pylon  
  29  2:23  Pylon  
  29  2:24  Probe  
  30  2:34  Stalker x2  
  34  2:41  Probe  
  35  3:02  Nexus  
  34  3:14  Sentry x2  
  34  3:16  Pylon  
  38  3:21  Shield Battery  
  38  3:26  Probe  
  39  3:31  Twilight Council  
  39  3:38  Probe  
  40  3:50  Probe  
  40  3:51  Stalker  
  41  4:01  Adept  
  43  4:03  Probe (Chrono Boost)  
  43  4:05  Blink (Chrono Boost)  
  44  4:14  Probe (Chrono Boost)  
  44  4:15  Probe (Chrono Boost)  
  46  4:19  Stalker  
  46  4:24  Probe x2 (Chrono Boost)  
  50  4:29  Stalker, Probe x2 (Chrono Boost)  
  54  4:40  Probe, Robotics Facility  
  54  4:43  Stalker  
  54  4:45  Probe  
  58  4:53  Probe  
  58  4:54  Assimilator  
  58  4:57  Probe  
  60  5:07  Nexus  
  60  5:10  Pylon  
  60  5:12  Probe  
  61  5:22  Pylon  
  61  5:25  Forge, Gateway  
  61  5:29  Observer  
  60  5:39  Stalker x2  
  60  5:40  Probe  
  59  5:47  Probe  
  60  5:52  Probe  
  60  5:56  Protoss Ground Weapons Level 1 (Chrono Boost)  
  61  6:02  Gateway  
  61  6:03  Stalker  
  59  6:05  Gateway  
  59  6:06  Gateway  
  59  6:10  Stalker  
  61  6:12  Probe  
  61  6:13  Probe  
  61  6:16  Charge (Chrono Boost)  
  63  6:24  Probe (Chrono Boost)  
  63  6:25  Probe (Chrono Boost)  
  65  6:30  Stalker x2  
  65  6:32  Probe (Chrono Boost)  
  68  6:35  Observer  
  68  6:36  Probe (Chrono Boost)  
  68  6:37  Probe (Chrono Boost)  
  71  6:41  Probe (Chrono Boost)  
  71  6:42  Observer  
  71  6:43  Stalker, Probe (Chrono Boost)  
  71  6:45  Probe (Chrono Boost)  
  75  6:50  Gateway  
  76  7:00  Stalker x5  
  82  7:11  Immortal (Chrono Boost)  
  82  7:12  Stalker  
  82  7:23  Probe  
  82  7:24  Probe  
  82  7:26  Assimilator  
  78  7:31  Stalker x4  
  78  7:35  Probe  
  87  7:40  Warp Prism (Chrono Boost)  
  87  7:49  Zealot x3  
  87  7:51  Gateway  
  91  7:52  Pylon  
  91  7:53  Pylon  
  91  7:55  Templar Archives  
  85  8:01  Zealot x3  
  87  8:12  Stalker x3  
  89  8:24  Nexus  

Tags
 
Add a new tag
Caveats
  • Supply blocks, unpowered buildings, or Contaminate may cause inaccurate times.
  • Supply counts are checked every 10 seconds.